 Dungeon Crawl Stone Soup version 0.26-a0-667-g92642533e4 (webtiles) character file.

Game seed: 16088985449295383719

24892 sahdkjhfkaj the Thaumaturge (level 12, -8/57 HPs)
             Began as a Felid Air Elementalist on Oct 16, 2020.
             Was a Priest of Sif Muna.
             Hit by a silver javelin thrown by a minotaur (22 damage)
             ... in a Gauntlet on Oct 17, 2020.
             The game lasted 01:50:42 (43490 turns).

sahdkjhfkaj the Thaumaturge (FeAE)                 Turns: 43490, Time: 01:50:42

Health: -8/57      AC:  3    Str:  4    XL:     12   Next: 84%
Magic:  4/27       EV: 25    Int: 21    God:    Sif Muna [***...]
Gold:   1067       SH:  5    Dex: 15    Spells: 14/32 levels left
                                        Lives:  0   Deaths: 4

rFire    . . .     SeeInvis +   (weapon unavailable)
rCold    + . .     Faith    .   (shield unavailable)
rNeg     + . .     Spirit   .   (armour unavailable)
rPois    .         Reflect  +   (helmet unavailable)
rElec    +         Harm     .   (cloak unavailable)
rCorr    .         Rampage  .   (gloves unavailable)
MR       +++..     NoTele   +   (boots unavailable)
Stlth    +++.......             k - amulet of reflection
HPRegen  0.19/turn              B - ring of protection from magic
MPRegen  0.20/turn              b - ring of Symmetry {rElec rN+ MR+ Dex-2}

@: very slightly contaminated, quick
A: very small, no armour, no weapons or thrown items, stealth, claws 1, fangs 3,
see invisible, speed 1, shaggy fur 3, sharp paws
a: Channel Magic, Forget Spell, Renounce Religion


You were in a Gauntlet.
You worshipped Sif Muna.
Sif Muna was most pleased with you.
You visited 2 branches of the dungeon, and saw 18 of its levels.
You also visited: Gauntlet.

You collected 1067 gold pieces.

Inventory:

Jewellery
 b - the ring of Symmetry (right paw) {rElec rN+ MR+ Dex-2}
   (You found it in a Gauntlet)

   [ring of protection from magic]

   It affects your dexterity (-2).
   It insulates you from electricity.
   It protects you from negative energy.
   It affects your resistance to hostile enchantments.
 k - an amulet of reflection (around neck)
 B - a ring of protection from magic (left paw)
 E - the ring of Yguuh {rF+ rC+}
   (You acquired it on level 3 of the Lair of Beasts)

   [ring of protection from cold]

   It protects you from fire.
   It protects you from cold.
Wands
 p - a wand of flame (12)
 t - a wand of random effects (56)
 x - a wand of paralysis (24)
 y - a wand of acid (6)
 z - a wand of disintegration (5)
 C - a wand of polymorph (3)
Scrolls
 a - 4 scrolls of remove curse
 d - a scroll of immolation
 g - 3 scrolls of fog
 u - 6 scrolls of amnesia
 w - 4 scrolls of magic mapping
 D - a scroll of torment
Potions
 c - 14 potions of curing
 e - 2 potions of mutation
 f - 5 potions of lignification
 h - 5 potions of brilliance
 i - 6 potions of flight
 j - 3 potions of berserk rage
 l - 2 potions of magic
 n - a potion of invisibility {unknown}
 o - 4 potions of haste
 s - 3 potions of resistance
 v - a potion of stabbing
 A - 6 potions of might
 F - a potion of ambrosia
Miscellaneous
 m - a lightning rod (4/4)


   Skills:
 - Level 9.2 Fighting
 - Level 10.0 Dodging
 - Level 2.6 Stealth
 - Level 10.7 Spellcasting
 + Level 8.7 Conjurations
 - Level 9.2 Air Magic
 * Level 7.2 Earth Magic
 - Level 9.3 Invocations
 - Level 8.9 Evocations


You had 14 spell levels left.
You knew the following spells:

 Your Spells              Type           Power        Failure   Level
a - Iron Shot             Conj/Erth      #####.....   34%         6
e - Lightning Bolt        Conj/Air       #####.....   4%          5
h - Ensorcelled Hibernat  Hex/Ice        ##....       9%          2
s - Shock                 Conj/Air       ####         1%          1
x - Airstrike             Air            #####.....   1%          4

Your spell library contained the following spells:

 Spells                   Type           Power        Failure   Level
 Swiftness                Air            #####...     1%          2
 Mephitic Cloud           Conj/Pois/Air  #####...     1%          3
 Static Discharge         Conj/Air       #####...     1%          3
 Dazzling Flash           Conj/Hex       ####..       3%          3
 Iskenderun's Battlesphe  Conj           #####...     4%          5
 Animate Skeleton         Necr           ##....       6%          1
 Apportation              Tloc           ##....       6%          1
 Corona                   Hex            ##.....      6%          1
 Pain                     Necr           ##..         6%          1
 Summon Small Mammal      Summ           ##..         6%          1
 Confusing Touch          Hex            ##......     19%         3
 Tukima's Dance           Hex            ##......     19%         3
 Vampiric Draining        Necr           ##........   19%         3
 Bolt of Magma            Conj/Fire/Erth ####......   19%         5
 Conjure Ball Lightning   Conj/Air       #####.....   24%         6
 Silence                  Hex/Air        ####......   26%         5
 Animate Dead             Necr           ##........   52%         4
 Cause Fear               Hex            ##........   52%         4
 Passage of Golubria      Tloc           N/A          52%         4
 Freezing Cloud           Conj/Ice/Air   #####.....   63%         6
 Orb of Destruction       Conj           #####.....   80%         7
 Agony                    Necr           ##......     86%         5
 Yara's Violent Unravell  Hex/Tmut       ##........   86%         5
 Spellforged Servitor     Conj/Summ      ####......   100%        7
 Chain Lightning          Conj/Air       #####.....   100%        8
 Discord                  Hex            ##........   100%        8
 Disjunction              Tloc           ##........   100%        8


Dungeon Overview and Level Annotations

Branches:
Dungeon (12/15)            Temple (0/1) D:7            Lair (6/6) D:10
 Shoals (0/4) Lair:4        Snake (0/4) Lair:2        Slime (0/5) Lair:5
    Orc (0/2) D:11        Gauntlet (1/1)

Altars:
Ashenzari
Dithmenos
Elyvilon
Fedhas
Hepliaklqana
Kikubaaqudgha
Qazlal
Ru
Sif Muna
Trog
Vehumet
Xom
Yredelemnul
Zin
Beogh
Jiyva

Shops:
D:9 ((   D:10 (   D:11 [!(!!

Annotations:
D:7 3 runed translucent doors, Whiskey's ghost, novice FoFi
D:9 exclusions: 2 doors and obsidian statue
Lair:6 Kirke Gauntlet 8 transporters


Innate Abilities, Weirdness & Mutations

You cannot wear armour.
You are incapable of wielding weapons or throwing items.
Your paws allow you to move quietly. (Stealth)
You have sharp claws.
You have razor-sharp teeth.
You have supernaturally acute eyesight. (SInv)
You cover ground quickly.
Your thick and shaggy fur keeps you warm. (AC +3, rC+)
Your sharp claws are effective at attacking unaware monsters.


Message History

Press: ? - help, Shift-Dir - straight line, f/p - minotaur
Aim: a minotaur, wielding a +0 halberd, wearing a +0 chain mail and quivering 11 silver javelins (heavily wounded)
You miscast Iron Shot.
You are very lightly contaminated with residual magic.
Nothing appears to happen.
The minotaur throws a silver javelin.
The silver javelin pierces through you!
* * * LOW HITPOINT WARNING * * *
Unknown command.
Casting: Iron Shot (extremely dangerous; 34% risk of failure)
Confirm with . or Enter, or press ? or * to list all spells.
The spell is extremely dangerous to cast (34% risk of failure)!
Continue anyway?
Aiming: Iron Shot (extremely dangerous; 34% risk of failure)
Press: ? - help, Shift-Dir - straight line, f/p - minotaur
Aim: a minotaur, wielding a +0 halberd, wearing a +0 chain mail and quivering 10 silver javelins (heavily wounded)
The iron shot misses the minotaur.
The minotaur throws a silver javelin.
The silver javelin pierces through you!!
* * * LOW HITPOINT WARNING * * *
x2 The minotaur throws a silver javelin.
The silver javelin pierces through you!!
You die...

########...≈# ###
...........######..
..8.....8.####....#
..........≈##..##.##.
#######...##...##H...
.G....#...#.......# ##..
8.#.#.#...#.8©.##.##....#
.P.P.[#...#....##....#
8.©.#©#.8.#.8©..@.##.'...
.P.P.$#...#....##.# ###
⌠.#.#?#...#.8©.##(..
......#...#......(##.#
#######...##...##.# ..
..........≈##..##.. #.
..8.....8.####....#
...........######.#
########...≈#


You could see a minotaur.

Vanquished Creatures
  Rupert (Lair:5)
  The ghost of garrulousMonolith the Cleaver, a journeyman HOMo of Beogh (D:11)
  6 hydras
  A two-headed ogre (D:10)
  2 catoblepae
  6 death yaks
  Sonja (Lair:1)
  A deep troll (D:11)
  An orc knight (D:11)
  A cyclops (D:11)
  An ugly thing (D:9)
  A manticore (Lair:4)
  13 elephants
  8 black mambas
  A gargoyle (D:10)
  14 cane toads
  2 rime drakes
  4 komodo dragons
  A jumping spider (shapeshifter) (D:11)
  4 trolls
  Grinder (D:3)
  3 polar bears
  A hornet (D:8)
  A wind drake (Lair:4)
  13 blink frogs
  A raiju (Gauntlet)
  A wraith (D:11)
  41 yaks
  3 wyverns
  6 shadows
  3 basilisks
  Grum (D:8)
  A fire elemental (Lair:1)
  2 nagas (Lair:2)
  7 water moccasins
  Duvessa (D:5)
  6 sky beasts
  7 black bears
  14 orc warriors
  A necrophage (D:8)
  3 ice beasts
  2 phantoms
  7 centaurs
  5 wolves
  4 ogres
  3 big kobolds
  16 bullfrogs
  Dowan (D:5)
  A scorpion (D:9)
  4 killer bees (D:11)
  11 wights
  A howler monkey (D:11)
  A quasit (D:9)
  A centaur zombie (D:7)
  3 hounds
  10 orc priests
  5 bullfrog zombies
  4 jellies
  4 centaur skeletons
  3 iguanas
  8 worker ants
  Natasha (thrice) (D:2)
  9 orc wizards
  3 hell rats
  A lightning spire (Gauntlet)
  3 killer bee zombies
  2 worker ant zombies
  Robin (D:1)
  4 gnolls (D:3)
  16 adders
  2 river rats (D:10)
  2 shadow imps
  3 white imps
  An ufetubus (D:5)
  2 oozes
  An adder skeleton (D:8)
  2 worms
  4 leopard geckos
  55 orcs
  3 bats (D:1)
  3 giant cockroaches
  16 goblins
  10 hobgoblins
  12 jackals
  5 quokkas
  A ball python skeleton (D:4)
  2 frilled lizards
  A jackal skeleton (D:4)
  29 kobolds
  A leopard gecko skeleton (D:6)
  A leopard gecko zombie (D:5)
  3 quokka zombies
  8 rats
  2 butterflies (D:5)
492 creatures vanquished.

Vanquished Creatures (others)
  A demonic plant (Gauntlet)
  30 fungi
  28 plants
59 creatures vanquished.

Grand Total: 551 creatures vanquished

Notes
Turn   | Place    | Note
-------+----------+-------------------------------------------
     0 | D:1      | sahdkjhfkaj the Felid Air Elementalist began the quest for
                  | the Orb.
     0 | D:1      | Reached XP level 1. HP: 7/7 MP: 4/4
   247 | D:1      | Reached skill level 1 in Fighting
   262 | D:1      | Reached skill level 1 in Conjurations
   461 | D:1      | Reached XP level 2. HP: 12/12 MP: 3/6
  1292 | D:1      | Reached XP level 3. HP: 15/15 MP: 2/7
  2271 | D:2      | Noticed Robin
  2274 | D:2      | Reached XP level 4. HP: 16/19 MP: 1/8
  3059 | D:1      | Killed Robin
  3065 | D:1      | Learned a level 4 spell: Airstrike
  4025 | D:2      | Found a bloodstained altar of Trog.
  4052 | D:2      | Noticed Natasha
  4054 | D:2      | Killed Natasha
  4054 | D:2      | Reached XP level 5. HP: 22/22 MP: 0/9
  4497 | D:2      | Found a bloodstained altar of Trog.
  4559 | D:2      | Noticed Natasha
  4590 | D:2      | Killed from afar by Natasha
  4591 | D:2      | Reached XP level 4. HP: -5/19 MP: 7/8
  4644 | D:2      | Killed Natasha
  4662 | D:2      | Noticed Natasha
  4701 | D:2      | Killed Natasha
  5245 | D:3      | Reached XP level 5. HP: 23/23 MP: 8/10
  5266 | D:3      | Reached skill level 5 in Fighting
  5266 | D:3      | Reached skill level 5 in Spellcasting
  5266 | D:3      | Gained mutation: You are covered in thick fur. (AC +2)
                  | [Felid growth]
  5266 | D:3      | Reached XP level 6. HP: 30/30 MP: 10/14
  5638 | D:3      | Noticed Grinder
  5797 | D:4      | Found a blossoming altar of Fedhas.
  6441 | D:3      | Paralysed by Grinder for 2 turns
  6911 | D:3      | Killed Grinder
  6911 | D:3      | Reached XP level 7. HP: 34/34 MP: 2/16
  7512 | D:5      | Entered Level 5 of the Dungeon
  7685 | D:5      | Found a bloodstained altar of Trog.
  7691 | D:5      | Noticed Duvessa
  7702 | D:5      | Noticed Dowan
  7745 | D:5      | Killed Duvessa
  8070 | D:5      | Found a shimmering blue altar of Sif Muna.
  8105 | D:5      | Became a worshipper of Sif Muna the Loreminder
  8230 | D:5      | Found a broken altar of Ashenzari.
  8337 | D:5      | Reached XP level 8. HP: 29/38 MP: 11/17
  8441 | D:5      | Killed Dowan
  8698 | D:5      | Found an ancient bone altar of Kikubaaqudgha.
  8931 | D:5      | Found a shimmering altar of Xom.
  9572 | D:6      | Found a radiant altar of Vehumet.
  9883 | D:6      | Reached skill level 5 in Dodging
 10024 | D:6      | Found a shadowy altar of Dithmenos.
 10075 | D:6      | Reached * piety under Sif Muna
 10211 | D:6      | Found a stormy altar of Qazlal.
 10477 | D:6      | Reached XP level 9. HP: 41/41 MP: 4/18
 11240 | D:7      | Found a blossoming altar of Fedhas.
 11333 | D:7      | Found a basalt altar of Yredelemnul.
 11504 | D:7      | Found a glowing silver altar of Zin.
 11913 | D:7      | Found a runed translucent gate.
 11913 | D:7      | Found a runed translucent gate.
 11914 | D:7      | Found a runed translucent gate.
 11915 | D:7      | Identified the +6 dagger of Lyh Tosu {chaos, Int+3}
 11916 | D:7      | Noticed Whiskey's ghost (novice FoFi)
 11977 | D:7      | Found a staircase to the Ecumenical Temple.
 12346 | D:8      | Noticed Grum
 12489 | D:8      | Found a hazy altar of Hepliaklqana.
 12712 | D:8      | Killed Grum
 13018 | D:8      | Reached ** piety under Sif Muna
 13112 | D:8      | Found a sacrificial altar of Ru.
 13361 | D:8      | Found a hazy altar of Hepliaklqana.
 13473 | D:8      | Found a sacrificial altar of Ru.
 13701 | D:8      | Reached XP level 10. HP: 45/45 MP: 13/23
 13849 | D:9      | Found Veschih's Antique Weapon Shoppe.
 14197 | D:9      | Found Xiwiym's Antique Weapon Shoppe.
 14511 | D:9      | Noticed an obsidian statue
 15208 | D:9      | Noticed a cyan ugly thing
 15417 | D:9      | Killed a cyan ugly thing
 15947 | D:10     | Entered Level 10 of the Dungeon
 16078 | D:9      | Learned a level 5 spell: Lightning Bolt
 16225 | D:10     | Slain by a yak
 16225 | D:10     | Noticed a death yak
 16226 | D:10     | Reached XP level 9. HP: -3/42 MP: 23/23
 16230 | D:10     | Noticed a gargoyle
 16246 | D:10     | Killed a gargoyle
 16812 | D:10     | Reached XP level 10. HP: 46/46 MP: 7/24
 16822 | D:10     | Noticed a death yak
 16823 | D:10     | Noticed a death yak
 17221 | D:10     | Found Lenerumn's Antique Weapon Boutique.
 17556 | D:10     | Found a staircase to the Lair.
 17688 | D:10     | Killed a death yak
 18121 | D:10     | Found Lenerumn's Antique Weapon Boutique.
 18870 | D:9      | Found Veschih's Antique Weapon Shoppe.
 19130 | D:9      | Found Xiwiym's Antique Weapon Shoppe.
 19624 | D:9      | Killed a death yak
 20037 | D:9      | Killed a death yak
 20239 | Lair:1   | Entered Level 1 of the Lair of Beasts
 20249 | Lair:1   | Noticed a cane toad
 20253 | Lair:1   | Killed a cane toad
 21094 | Lair:1   | Reached skill level 10 in Dodging
 21094 | Lair:1   | Reached XP level 11. HP: 52/52 MP: 17/25
 21164 | Lair:1   | Reached skill level 1 in Invocations
 21164 | Lair:1   | Reached skill level 1 in Evocations
 21904 | Lair:1   | Noticed Sonja
 21908 | Lair:1   | Killed Sonja
 22454 | Lair:1   | Reached *** piety under Sif Muna
 24043 | Lair:2   | Found a staircase to the Snake Pit.
 24171 | Lair:2   | Reached skill level 5 in Evocations
 24731 | Lair:1   | Reached skill level 5 in Invocations
 25575 | Lair:2   | Gained mutation: Your thick and shaggy fur keeps you warm.
                  | (AC +3, rC+) [Felid growth]
 25575 | Lair:2   | Reached XP level 12. HP: 57/57 MP: 13/26
 25869 | Lair:3   | Noticed a five-headed hydra
 25875 | Lair:3   | Killed a five-headed hydra
 27912 | Lair:2   | Found a staircase to the Snake Pit.
 29534 | Lair:3   | Identified a scroll of acquirement
 29534 | Lair:3   | Acquired the ring of Yguuh {rF+ rC+}
 30225 | Lair:4   | Noticed a four-headed hydra
 30225 | Lair:4   | Noticed a five-headed hydra
 31215 | Lair:4   | Found a staircase to the Shoals.
 31725 | Lair:4   | Killed a five-headed hydra
 31725 | Lair:4   | Reached skill level 10 in Spellcasting
 32129 | Lair:4   | Killed a four-headed hydra
 32129 | Lair:4   | Reached XP level 13. HP: 60/60 MP: 4/28
 33312 | Lair:4   | Reached **** piety under Sif Muna
 34344 | Lair:5   | Learned a level 6 spell: Iron Shot
 34450 | Lair:4   | Reached skill level 1 in Earth Magic
 34700 | Lair:5   | Noticed Rupert
 34947 | Lair:4   | Slain by a catoblepas
 34948 | Lair:4   | Reached XP level 12. HP: -1/57 MP: 14/27
 35209 | Lair:4   | Killed a catoblepas
 35310 | Lair:5   | Noticed a death yak
 35310 | Lair:5   | Noticed a death yak
 35395 | Lair:4   | Killed a death yak
 35951 | Lair:5   | Learned a level 2 spell: Ensorcelled Hibernation
 36173 | Lair:5   | Found a viscous altar of Jiyva.
 36173 | Lair:5   | Found a staircase to the Slime Pits.
 36319 | Lair:4   | Killed a death yak
 36669 | Lair:5   | Mangled by Rupert
 36670 | Lair:5   | Reached XP level 11. HP: -11/53 MP: 6/26
 36877 | D:11     | Found a runed translucent gate.
 37129 | D:11     | Identified the +1 flail of Valour {vorpal, rN++ MR- Stlth+}
 37142 | D:11     | Noticed garrulousMonolith's ghost (journeyman HOMo)
 37144 | D:11     | Noticed a two-headed ogre
 37194 | D:10     | Killed a two-headed ogre
 37561 | D:11     | Noticed a centaur warrior
 37735 | D:11     | Found Zasuq's Distillery.
 37756 | D:11     | Found Racsal's Distillery.
 38277 | D:11     | Reached XP level 12. HP: 38/57 MP: 0/27
 38430 | D:11     | a centaur warrior changed into a deep troll
 38435 | D:11     | Reached skill level 5 in Earth Magic
 38503 | D:11     | Identified the cursed +0 chain mail of the Aged Curses
                  | {Int+4}
 38874 | D:11     | Noticed a boulder beetle
 39230 | D:11     | Found a runed translucent gate.
 39230 | D:11     | Found a runed translucent gate.
 39234 | D:11     | Found Kuagyf's Weapon Shoppe.
 39247 | D:11     | Found a roughly hewn altar of Beogh.
 39509 | D:11     | Found Ryorono's Distillery.
 39609 | D:11     | Noticed a six-headed hydra
 39628 | D:11     | Killed a six-headed hydra
 39984 | D:11     | Found a roughly hewn altar of Beogh.
 39984 | D:11     | Found a staircase to the Orcish Mines.
 40596 | D:11     | Found a white marble altar of Elyvilon.
 40733 | D:11     | Found Wiumamn's Antique Armour Shoppe.
 41188 | D:11     | Noticed a four-headed hydra
 41188 | D:11     | a boulder beetle changed into a four-headed hydra
 41196 | D:11     | Killed a four-headed hydra
 41314 | D:11     | Killed garrulousMonolith's ghost
 41314 | D:11     | Reached ***** piety under Sif Muna
 41518 | D:11     | Identified Sif Muna's Incunabulum of the Voyage and
                  | Lightness (Sif Muna gifted it to you on level 11 of the
                  | Dungeon)
 41518 | D:11     | Received a gift from Sif Muna
 42536 | Lair:5   | Killed Rupert
 42623 | Lair:6   | Entered Level 6 of the Lair of Beasts
 42680 | Lair:6   | Found a gate leading to a gauntlet.
 42680 | Lair:6   | Noticed Kirke
 42687 | Gauntlet | Entered a Gauntlet
 42687 | Gauntlet | Found a transporter.
 42696 | Gauntlet | Noticed a death scarab
 42712 | Gauntlet | Noticed a death scarab
 42781 | Gauntlet | Found a transporter.
 42798 | Gauntlet | Found a transporter.
 42801 | Gauntlet | Found a transporter.
 42821 | Gauntlet | Found a transporter.
 42834 | Gauntlet | Found a transporter.
 42843 | Gauntlet | Noticed a hell hog
 42847 | Gauntlet | Found a transporter.
 42866 | Gauntlet | Found a transporter.
 42868 | Gauntlet | Found a transporter.
 42877 | Gauntlet | Found a transporter.
 42911 | Gauntlet | Found a transporter.
 42911 | Gauntlet | Found a transporter.
 43212 | Gauntlet | Got a shimmering platinum ring
 43214 | Gauntlet | Identified the ring of Symmetry {rElec rN+ MR+ Dex-2} (You
                  | found it in a Gauntlet)
 43471 | Gauntlet | Got a smoking lapis lazuli ring
 43473 | Gauntlet | Identified the ring of the Everdark {Str+4 SInv} (You found
                  | it in a Gauntlet)
 43481 | Gauntlet | Noticed a minotaur
 43490 | Gauntlet | Hit by a silver javelin thrown by a minotaur

Illustrated notes

Levels and vault maps discovered:
D:1:      minmay_arrival_pointy, layout_basic
D:2:      layout_basic, overflow_temple_1_default, uniq_robin, uniq_natasha
D:3:      layout_loops_corners, uniq_grinder
D:4:      layout_layer_cave, lemuel_crystal_altar
D:5:      layout_loops_cross, ashenzari_conservatory_becter, lemuel_round_altar,
          overflow_temple_1_default, xom_butterflies, lemuel_statue_altar,
          uniq_duvessa
D:6:      black_bear_nest_2, layout_gridville, nicolae_dithmenos_shadow_blocks,
          nicolae_qazlal_general_emergency, lemuel_coloured_pillars_altar
D:7:      layout_basic, zin_academy, minmay_temple_entry_poolview,
          gammafunk_ghost_nasty_kobolds, basic_altar, fedhas_altar_3
D:8:      layout_basic, nicolae_overflow_crystal_walls,
          nicolae_ru_sacrificial_ziggurat, minivault_1, uniq_grum
D:9:      layout_roguey, serial_shops, kennysheep_mini_moat, shop_statue,
          minmay_statue_bubble
D:10:     layout_big_octagon, dpeg_lair_monsters, serial_shops,
          nicolae_shop_crystal
D:11:     layout_stronghold, david_orc_5, serial_shops, shop, shop, shop, shop,
          shop_fountains, basic_altar, biasface_ghost_orc_armoury,
          minmay_radiant
D:12:     layout_gridville, serial_shops, nicolae_shop_window_shopping,
          kennysheep_minor_cross
Lair:1:   layout_gridlike, nicolae_volcano_entry_s_turn, uniq_sonja
Lair:2:   layout_cave_pods, guppyfry_snake_entry_garden, st_stairs_7
Lair:3:   wander_river, layout_regular_city
Lair:4:   layout_gridlike, minmay_shoals_entry_beasts,
          hangedman_lair_generics_rect
Lair:5:   layout_misc_corridors, slime_altar_1, beast_lair_carwin_5, uniq_rupert
Lair:6:   evilmike_catoblepas_cave, layout_hall_layers, gauntlet_entry_generic,
          lemuel_fruit_fields, lemuel_fruit_tree, grunt_megastairs_2, uniq_kirke
Gauntlet: minmay_gauntlet_mixed_oops_all_seconds
          [minmay_gauntlet_arena_77_chump_sandwich,
          gammafunk_gauntlet_arena_grid, minmay_gauntlet_arena_77_mirror,
          nicolae_gauntlet_arena_grate_2, minmay_gauntlet_arena_77_museum,
          gammafunk_gauntlet_arena_split_x, gauntlet_exit_green]

Skill      XL: |  1  2  3  4  5  6  7  8  9 10 11 12 13 |
---------------+----------------------------------------+-----
Fighting       | 1 2 5 6 8 9 |  9.2
Conjurations   | 1 2 6 8 7 |  8.7
Air Magic      | 3 7 8 9 |  9.2
Spellcasting   | 5 8 9 10 | 10.7
Dodging        | 5 8 10 | 10.0
Invocations    | 6 8 9 |  9.3
Evocations     | 6 8 |  8.9
Earth Magic    | 4 7 1 |  7.2
Stealth        | |  2.6

Action                   |  1- 3 |  4- 6 |  7- 9 | 10-12 | 13-15 || total
-------------------------+-------+-------+-------+-------+-------++-------
Melee: Unarmed           |     9 |    16 |    10 |   240 |    28 ||   303
       Bite              |     1 |     2 |     1 |    24 |     1 ||    29
 Cast: Shock             |    94 |    95 |   182 |   258 |    10 ||   639
       Airstrike         |       |    21 |   108 |   674 |    88 ||   891
       Lightning Bolt    |       |       |     4 |    11 |       ||    15
       Iron Shot         |       |       |       |     9 |       ||     9
       Disjunction       |       |       |       |     1 |       ||     1
Invok: Channel Magic     |       |       |       |     4 |       ||     4
       Divine Exegesis   |       |       |       |     1 |       ||     1
Evoke: Wand              |       |       |       |    19 |       ||    19
  Use: Scroll            |       |     9 |    12 |    23 |     2 ||    46
       Potion            |       |     2 |     1 |     4 |       ||     7
Armor: Skin              |     2 |     1 |     3 |    15 |     4 ||    25
Dodge: Dodged            |    21 |    39 |    79 |   501 |    52 ||   692
Block: Other             |       |     9 |    25 |   141 |    12 ||   187
       Reflection        |       |       |     4 |    10 |       ||    14

Table legend: (Time is in decaauts)
 A = Elapsed time spent in this place.
 B = Non-inter-level travel time spent in this place.
 C = Inter-level travel time spent in this place.
 D = Time resting spent in this place.
 E = Time spent auto-exploring this place.
 F = Levels seen in this place.
 G = Mean time per level.
                   A        B        C        D        E       F      G
               +--------+--------+--------+--------+--------+-----+--------+
         Total |  40368 |  38993 |   1375 |  14054 |  19450 |  19 | 2124.6 |
       Dungeon |  24149 |  23486 |    663 |   7307 |  13260 |  12 | 2012.4 |
          Lair |  15473 |  14762 |    711 |   6389 |   5954 |   6 | 2578.8 |
      Gauntlet |    745 |    745 |      0 |    357 |    235 |   1 |  745.0 |
               +--------+--------+--------+--------+--------+-----+--------+

Top non-repeatable levels by time:
  Lair:4: 4666 daAuts
     D:9: 4664 daAuts
    D:11: 4115 daAuts
  Lair:2: 3312 daAuts
  Lair:3: 3227 daAuts
     D:2: 2762 daAuts
  Lair:1: 2639 daAuts
    D:10: 2554 daAuts
     D:1: 1892 daAuts
  Lair:5: 1617 daAuts
     D:8: 1524 daAuts
     D:7: 1497 daAuts
     D:6: 1467 daAuts
     D:3: 1354 daAuts
     D:5: 1240 daAuts
